 Dungeon Crawl Stone Soup version 0.26.1-10-gdfb7c7de75 (webtiles) character file.

Game seed: 14096174355767269218

2055 diana the Covered (level 9, 0/69 HPs)
             Began as a Demonspawn Gladiator on Apr 3, 2021.
             Was a Believer of Okawaru.
             Succumbed to a killer bee's poison
             ... on level 7 of the Dungeon.
             The game lasted 00:10:31 (9392 turns).

diana the Covered (Demonspawn Gladiator)            Turns: 9392, Time: 00:10:31

Health: 0/69       AC: 23    Str: 18    XL:     9   Next: 5%
Magic:  16/18      EV: 10    Int: 10    God:    Okawaru [**....]
Gold:   319        SH:  0    Dex: 14    Spells: 8/8 levels left

rFire    + . .     SeeInvis .   a - +1 long sword
rCold    . . .     Faith    .   (no shield)
rNeg     . . .     Spirit   .   r - +0 plate armour
rPois    +         Reflect  .   c - +0 helmet
rElec    .         Harm     .   (no cloak)
rCorr    .         Rampage  .   (no gloves)
Will     .....                  (boots unavailable)
Stlth    ..........             l - amulet of the acrobat
HPRegen  0.21/turn              w - ring of poison resistance
MPRegen  0.16/turn              x - ring of magical power

@: lethally poisoned (0 -> -2), heroism, sanguine armour
A: hooves 3, fire resistance 1, powered by pain 1, sanguine armour 1
a: Renounce Religion, Heroism


You were on level 7 of the Dungeon.
You worshipped Okawaru.
Okawaru was pleased with you.
You visited 2 branches of the dungeon, and saw 8 of its levels.

You collected 319 gold pieces.

Inventory:

Hand Weapons
 a - a +1 long sword (weapon)
Missiles
 d - 3 throwing nets (quivered)
 v - 7 boomerangs
Armour
 c - a +0 helmet (worn)
 r - a +0 plate armour (worn)
Jewellery
 l - an amulet of the acrobat (around neck)
 w - a ring of poison resistance (left hand)
 x - a ring of magical power (right hand)
Wands
 s - a wand of disintegration (15)
 u - a wand of flame (38)
Scrolls
 b - a scroll of magic mapping {unknown}
 e - 2 scrolls of fear
 g - 3 scrolls of enchant weapon
 h - 6 scrolls of amnesia
 k - 2 scrolls of identify
 m - 3 scrolls of teleportation
 n - a scroll of remove curse
Potions
 f - a potion of heal wounds {unknown}
 i - a potion of berserk rage {unknown}
 j - a potion of curing
 o - 3 potions of attraction
 p - a potion of brilliance {unknown}
 q - a potion of cancellation {unknown}
 t - a potion of mutation {unknown}
 z - a potion of flight {unknown}


   Skills:
 - Level 6.0(11.0) Fighting
 + Level 6.8(11.8) Long Blades
 - Level 1.7(6.7) Throwing
 * Level 7.1(12.1) Armour
 - Level 2.6(7.6) Dodging


You had 8 spell levels left.
You didn't know any spells.
Your spell library was empty.

Dungeon Overview and Level Annotations

Branches:
Dungeon (7/15)             Temple (1/1) D:6

Altars:
Ashenzari
Cheibriados
Dithmenos
Elyvilon
Fedhas
Gozag
Hepliaklqana
Kikubaaqudgha
Makhleb
Nemelex Xobeh
Okawaru
Qazlal
Ru
Sif Muna
Trog
Uskayaw
Vehumet
Wu Jian
Xom
Yredelemnul
Zin
The Shining One


Innate Abilities, Weirdness & Mutations

You have hooves in place of feet.
Your flesh is heat resistant. (rF+)
You sometimes gain a little power by taking damage.
When seriously injured, your bleeding wounds create armour. (AC +6)


Message History

* * * LOW HITPOINT WARNING * * *
The killer bee stings you!
* * * LOW HITPOINT WARNING * * *
The killer bee stings you but does no damage. x4
Unknown command.
You feel better. The killer bee misses you.
You riposte.
You hit the killer bee. You kick the killer bee.
You kill the killer bee!
Okawaru accepts your kill. The killer bee stings you!
* * * LOW HITPOINT WARNING * * *
You are lethally poisoned!
The killer bee poisons you! The killer bee misses you.
The killer bee barely misses you. x2; The killer bee closely misses you.
The killer bee stings you but does no damage. x2
Unknown command.
You slash the killer bee!
You kick the killer bee, but do no damage.
The killer bee is heavily wounded.
You die...

#.# ..# #.# ..
#.# #.# #.# ..
#.# #.##.#
#..#.#
..####r#y##
......y.@.#
.......yyy#
..........#
............
#######.......
#.........
#.........
#.........
#..>......


You could see 5 killer bees and a quokka.

Vanquished Creatures
  4 yaks (D:6)
  An orc warrior (D:6)
  An ice beast (D:5)
  An ogre (D:4)
  2 centaurs (D:6)
  2 bullfrogs
  3 scorpions
  A killer bee (D:7)
  A howler monkey (D:6)
  A jelly (D:5)
  3 orc priests (D:3)
  2 hounds
  2 orc wizards (D:4)
  An iguana (D:6)
  7 worker ants
  A howler monkey skeleton (D:5)
  A gnoll (D:1)
  9 adders
  2 shadow imps (D:6)
  2 ufetubi
  2 oozes (D:3)
  An adder skeleton (D:7)
  5 worms
  A dart slug (D:1)
  5 leopard geckos
  24 orcs
  2 ball pythons
  8 giant cockroaches
  7 hobgoblins
  7 jackals
  6 kobolds
  6 quokkas
  12 bats
  2 frilled lizards
  6 goblins
  A jackal skeleton (D:4)
  A quokka skeleton (D:5)
  10 rats
153 creatures vanquished.

Vanquished Creatures (others)
  5 plants (D:2)
5 creatures vanquished.

Grand Total: 158 creatures vanquished

Notes
Turn   | Place    | Note
-------+----------+-------------------------------------------
     0 | D:1      | diana the Demonspawn Gladiator began the quest for the Orb.
     0 | D:1      | Reached XP level 1. HP: 16/16 MP: 1/1
    23 | D:1      | Gained mutation: You have large cloven feet. [demonic
                  | ancestry]
    23 | D:1      | Reached XP level 2. HP: 7/23 MP: 2/2
  1047 | D:1      | Gained mutation: You have hoof-like feet. [demonic
                  | ancestry]
  1047 | D:1      | Reached XP level 3. HP: 27/29 MP: 3/3
  1465 | D:2      | Noticed a bullfrog
  1469 | D:2      | Killed a bullfrog
  1470 | D:2      | Reached XP level 4. HP: 31/37 MP: 4/4
  2103 | D:2      | Gained mutation: You sometimes gain a little power by
                  | taking damage. [demonic ancestry]
  2103 | D:2      | Reached XP level 5. HP: 33/43 MP: 5/5
  3584 | D:3      | Reached skill level 5 in Fighting
  3958 | D:3      | Reached XP level 6. HP: 51/51 MP: 6/6
  4483 | D:3      | You fall into a shaft and drop 2 floors!
  4483 | D:5      | Entered Level 5 of the Dungeon
  5194 | D:5      | Found a stormy altar of Qazlal.
  5420 | D:5      | Got a slimy robe
  5431 | D:5      | Identified the cursed +1 robe of the Nightingale {rF+++
                  | Int+3 Dex-4} (You found it on level 5 of the Dungeon)
  5490 | D:5      | Reached skill level 1 in Armour
  5696 | D:4      | Reached skill level 2 in Armour
  5696 | D:4      | Gained mutation: When seriously injured, your bleeding
                  | wounds create armour. (AC +6) [demonic ancestry]
  5696 | D:4      | Reached XP level 7. HP: 41/58 MP: 7/7
  5789 | D:4      | Found a blossoming altar of Fedhas.
  6371 | D:4      | Reached skill level 5 in Long Blades
  6515 | D:4      | Reached skill level 3 in Armour
  6760 | D:4      | Found a stormy altar of Qazlal.
  7619 | D:6      | Found a staircase to the Ecumenical Temple.
  7656 | Temple   | Entered the Ecumenical Temple
  7724 | Temple   | Became a worshipper of Warmaster Okawaru
  7750 | D:6      | Reached skill level 4 in Armour
  7826 | D:6      | Gained mutation: You have hooves in place of feet. [demonic
                  | ancestry]
  7826 | D:6      | Reached XP level 8. HP: 54/64 MP: 8/8
  7962 | D:6      | Reached skill level 5 in Armour
  8594 | D:6      | Reached * piety under Okawaru
  8879 | D:6      | Reached skill level 6 in Armour
  8942 | D:6      | Reached ** piety under Okawaru
  8943 | D:6      | Reached skill level 7 in Armour
  8943 | D:6      | Gained mutation: Your flesh is heat resistant. (rF+)
                  | [demonic ancestry]
  8943 | D:6      | Reached XP level 9. HP: 17/69 MP: 9/9
  9390 | D:7      | HP: 3/69 [killer bee (7)]
  9391 | D:7      | HP: 1/69 [killer bee (7)]
  9392 | D:7      | Succumbed to a killer bee's poison

Illustrated notes

Levels and vault maps discovered:
D:1:      lightli_molten_gateway, layout_basic
D:2:      layout_loops_corners, minivault_23, serial_bayou_ford_a
D:3:      layout_basic
D:4:      layout_cave_pools, kennysheep_little_box, fedhas_altar_3
D:5:      layout_loops_corners, nicolae_qazlal_eye_of_the_storm
D:6:      layout_gridville, minmay_temple_entry_mini_moons
D:7:      layout_basic
Temple:   grunt_wide_crystal_templ

Skill      XL: |  1  2  3  4  5  6  7  8 |
---------------+-------------------------+-----
Long Blades    | 3 4 5 6 |  6.8
Fighting       | 3 4 5 6 |  6.0
Armour         | 2 4 7 |  7.1
Throwing       | |  1.7
Dodging        | |  2.6

Action                   |  1- 3 |  4- 6 |  7- 9 || total
-------------------------+-------+-------+-------++-------
Melee: Long sword        |    50 |   200 |   247 ||   497
       Kick              |    10 |    51 |    42 ||   103
Invok: Heroism           |       |       |     1 ||     1
  Use: Scroll            |       |     6 |     3 ||     9
       Potion            |       |       |     2 ||     2
Armor: Leather armour    |    16 |    38 |       ||    54
       Plate armour      |       |    21 |   245 ||   266
Dodge: Dodged            |    49 |   147 |   150 ||   346
       Rpst.: Long sword |    17 |    47 |    45 ||   109
